 Dungeon Crawl Stone Soup version 0.22.1-1-ga44c0e5 (webtiles) character file.

14415 brandon the Thaumaturge (level 11, -2/65 HPs)
             Began as a Deep Elf Fire Elementalist on Oct 9, 2018.
             Was an Elder of Vehumet.
             Killed by mirror damage (4 damage)
             ... on level 12 of the Dungeon.
             The game lasted 00:43:04 (16299 turns).

brandon the Thaumaturge (DEFE)                     Turns: 16299, Time: 00:43:05

Health: -2/65      AC:  9    Str:  7    XL:     11   Next: 88%
Magic:  7/28       EV: 13    Int: 24    God:    Vehumet [****..]
Gold:   835        SH:  0    Dex: 15    Spells: 6/33 levels left

rFire    . . .     SeeInvis +   R - staff of energy
rCold    . . .     Gourm    .   (no shield)
rNeg     . . .     Faith    .   O - +0 steam dragon scales
rPois    .         Spirit   .   i - +1 helmet
rElec    .         Reflect  .   H - +0 cloak
rCorr    .         Harm     .   t - +0 pair of gloves
MR       +....                  (no boots)
Stlth    ++........             (no amulet)
HPRegen  0.20/turn              g - ring of see invisible
MPRegen  0.21/turn              E - +2 ring of strength

@: no status effects
A: no striking features
a: Renounce Religion


You were on level 12 of the Dungeon.
You worshipped Vehumet.
Vehumet was greatly pleased with you.
You were not hungry.

You visited 2 branches of the dungeon, and saw 13 of its levels.
You also visited: Bailey.

You collected 835 gold pieces.

Inventory:

Hand Weapons
 b - a +0 dagger of venom
Armour
 i - a +1 helmet (worn)
 t - a +0 pair of gloves (worn)
 H - a +0 cloak (worn)
 N - a +0 robe of cold resistance
 O - +0 steam dragon scales (worn)
Magical Staves
 B - an uncursed staff of earth
 R - an uncursed staff of energy (weapon)
Jewellery
 g - a ring of see invisible (left hand)
 E - a +2 ring of strength (right hand)
Wands
 o - a wand of enslavement (9)
 z - a wand of acid (10)
 A - a wand of flame (3)
 G - a wand of clouds (4)
Scrolls
 a - a scroll of immolation {unknown}
 d - a scroll of fear {unknown}
 e - 9 scrolls of teleportation
 k - a scroll of enchant weapon
 l - 2 scrolls of fog
 m - 2 scrolls of random uselessness
 n - a scroll of blinking
 q - 6 scrolls of remove curse
 r - 2 scrolls of enchant armour
 s - 4 scrolls of magic mapping
 x - a scroll of amnesia
 y - a scroll of brand weapon {unknown}
 F - 3 scrolls of holy word
 K - a scroll of acquirement {unknown}
 L - a scroll of identify
 Q - a scroll of vulnerability {unknown}
Potions
 f - 3 potions of haste
 h - 5 potions of lignification
 j - 3 potions of agility
 p - 10 potions of heal wounds {unknown}
 u - 7 potions of degeneration
 v - a potion of invisibility {unknown}
 w - 4 potions of curing {unknown}
 C - 3 potions of magic {unknown}
 D - a potion of might {unknown}
 I - 4 potions of mutation {unknown}
 J - a potion of berserk rage {unknown}
 P - 2 potions of brilliance {unknown}
Miscellaneous
 S - a phial of floods
Comestibles
 c - 24 rations
 M - a chunk of flesh


   Skills:
 + Level 6.3 Fighting
 - Level 2.4 Dodging
 - Level 2.4 Stealth
 + Level 11.6 Spellcasting
 - Level 10.5 Conjurations
 * Level 5.8 Hexes
 * Level 4.7 Summonings
 - Level 9.5 Fire Magic
   Level 6.9 Poison Magic


You had 6 spell levels left.
You knew the following spells:

 Your Spells              Type           Power        Failure   Level  Hunger
a - Flame Tongue          Conj/Fire      #####        1%          1    None
b - Magic Dart            Conj           ####         1%          1    None
c - Conjure Flame         Conj/Fire      ######..     1%          3    None
d - Sticky Flame          Conj/Fire      ######..     1%          4    None
e - Fireball              Conj/Fire      ######....   1%          5    None
g - Bolt of Fire          Conj/Fire      ######....   3%          6    None
h - Summon Mana Viper     Hex/Summ       #####...     14%         5    None
i - Throw Flame           Conj/Fire      ######       1%          2    None

Your spell library contained the following spells:

 Spells                   Type           Power        Failure   Level  Hunger
 Lightning Bolt           Conj/Air       #####.....   4%          5    None
 Confusing Touch          Hex            #####.       1%          1    None
 Sting                    Conj/Pois      ####         1%          1    None
 Summon Butterflies       Summ           #####...     1%          1    None
 Summon Small Mammal      Summ           ####         1%          1    None
 Poisonous Vapours        Pois/Air       ####..       1%          2    None
 Searing Ray              Conj           ######       1%          2    None
 Call Canine Familiar     Summ           #####...     1%          3    None
 Dazzling Spray           Conj/Hex       ######       1%          3    None
 Ignite Poison            Fire/Tmut/Pois #####...     1%          3    None
 Inner Flame              Hex/Fire       ######..     1%          3    None
 Mephitic Cloud           Conj/Pois/Air  #####...     1%          3    None
 Force Lance              Conj/Tloc      #####...     1%          4    None
 Fulminant Prism          Conj/Hex       ######....   1%          4    None
 Iskenderun's Mystic Bla  Conj           ######..     1%          4    None
 Olgreb's Toxic Radiance  Pois           #####...     1%          4    None
 Venom Bolt               Conj/Pois      ######....   1%          5    None
 Animate Skeleton         Necr           N/A          4%          1    None
 Apportation              Tloc           ##....       4%          1    None
 Summon Ice Beast         Ice/Summ       ####....     17%         4    None
 Ignition                 Fire           ######....   78%         8    None
 Ring of Flames           Chrm/Fire      #####.....   99%         7    None
 Summon Hydra             Summ           #####.....   99%         7    None


Dungeon Overview and Level Annotations

Branches:
Dungeon (12/15)            Temple (1/1) D:6            Lair (0/6) D:10
    Orc: D:9-12

Altars:
Ashenzari
Cheibriados
Dithmenos
Elyvilon
Fedhas
Gozag
Hepliaklqana
Kikubaaqudgha
Makhleb
Nemelex Xobeh
Okawaru
Qazlal
Ru
Sif Muna
Trog
Uskayaw
Vehumet
Wu Jian
Xom
Yredelemnul
Zin
The Shining One

Shops:
D:12 (

Annotations:
D:6 3 runed doors, Valentain's ghost, novice OpVM
D:7 3 runed doors, poxu's ghost, novice DsNe
D:9 2 transporters, BryzzWind's ghost, novice DrTm


Message History

The death knight reflects your damage back at you!
The death knight is engulfed in blazing flames.
The death knight mumbles some strange prayers to Yredelemnul against you.
Your body is wracked with pain!
* * * LOW HITPOINT WARNING * * *
The death knight reflects your damage back at you!
* * * LOW HITPOINT WARNING * * *
Unknown command.
The death knight burns!
The death knight reflects your damage back at you!
The death knight is engulfed in blazing flames.
The death knight hits you from afar with a halberd!
* * * LOW HITPOINT WARNING * * *
The death knight reflects your damage back at you!
* * * LOW HITPOINT WARNING * * *
You see here a stone.
Unknown command.
The death knight burns!
The death knight reflects your damage back at you!
You die...

#))# #..# +).#......#
#..#......#...># #..#......#....#
...#####(.#......+....#
......p.(.#.....##....# .#
####+##((.#.....#.....# .#
#..@....# #.....# .# #....PP.+
#.....# .#..+ #...P∩P.#
#.)...#### .#..# #.....P.#
#..)...... .#..#
#.......###........# .#..#
#.................(# .#..#
#..................#
.#..##########..................#
##...................)...#+###.†)


You could see a death knight (burning).

Vanquished Creatures
  3 two-headed ogres
  An orc knight (D:11)
  A centaur zombie (D:11)
  A cyclops (D:11)
  Psyche (D:10)
  A gargoyle (D:11)
  2 trolls
  Grinder (D:5)
  A meliai zombie (D:11)
  Prince Ribbit (D:7)
  2 hippogriffs
  10 yaks
  A wraith (D:8)
  Eustachio (D:5)
  A human (D:7)
  3 hogs
  A steam dragon (D:9)
  2 hungry ghosts
  Menkaure (D:4)
  4 orc warriors
  An acid dragon (D:11)
  A soldier ant (D:11)
  3 water moccasins
  A porcupine (D:10)
  2 sky beasts
  3 black bears (D:10)
  3 phantoms
  4 ice beasts
  An eye of draining (D:9)
  3 ogres
  4 centaurs
  2 crocodiles
  A big kobold (D:12)
  5 bullfrogs
  2 scorpions
  3 killer bees (D:11)
  21 wights
  3 howler monkeys
  4 crimson imps
  2 bullfrog zombies
  2 quasits
  5 orc priests
  7 hounds
  3 jellies
  A gnoll shaman (D:6)
  7 orc wizards
  A bullfrog skeleton (D:12)
  3 human zombies (D:8)
  Jessica (D:2)
  A centaur skeleton (D:4)
  2 human skeletons (D:8)
  3 iguanas
  12 worker ants
  A killer bee zombie (D:11)
  An ogre zombie (D:8)
  A hound zombie (D:5)
  3 mummies (D:8)
  A hound skeleton (D:11)
  A howler monkey zombie (D:11)
  37 gnolls
  13 adders
  A shadow imp (D:7)
  3 oozes
  2 adder skeletons
  2 worms
  A dart slug (D:1)
  7 leopard geckos
  28 orcs
  A ball python (D:5)
  8 bats
  5 giant cockroaches
  9 goblins
  9 hobgoblins
  6 jackals
  5 quokkas
  4 frilled lizards (D:1)
  24 kobolds
  A leopard gecko skeleton (D:4)
  An orc zombie (D:8)
  A quokka zombie (D:4)
  3 rats
335 creatures vanquished.

Vanquished Creatures (others)
  An ogre (D:9)
  A bullfrog (D:9)
  A hound (D:9)
3 creatures vanquished.

Grand Total: 338 creatures vanquished

Notes
Turn   | Place    | Note
-------+----------+-------------------------------------------
     0 | D:1      | brandon the Deep Elf Fire Elementalist began the quest for
                  | the Orb.
     0 | D:1      | Reached XP level 1. HP: 10/10 MP: 6/6
   265 | D:1      | Reached XP level 2. HP: 15/15 MP: 6/8
   580 | D:1      | Reached XP level 3. HP: 19/19 MP: 2/10
   587 | D:1      | Learned a level 2 spell: Throw Flame
   591 | D:1      | Learned a level 3 spell: Conjure Flame
  1345 | D:2      | Noticed Jessica
  1346 | D:2      | Killed Jessica
  1346 | D:2      | Reached skill level 4 in Spellcasting
  1346 | D:2      | Reached XP level 4. HP: 24/24 MP: 6/12
  1368 | D:2      | Learned a level 4 spell: Sticky Flame
  1727 | D:2      | Reached XP level 5. HP: 22/28 MP: 3/13
  2931 | D:4      | Noticed a phantom
  2939 | D:4      | Killed a phantom
  2939 | D:4      | Reached skill level 5 in Spellcasting
  2939 | D:4      | Reached XP level 6. HP: 32/32 MP: 2/15
  3095 | D:4      | Reached skill level 5 in Conjurations
  3257 | D:4      | Found a shattered altar of Ashenzari.
  3360 | D:4      | Noticed an angel
  3361 | D:4      | Found a shimmering altar of Xom.
  3361 | D:4      | Found a glowing silver altar of Zin.
  3521 | D:4      | Reached skill level 5 in Fire Magic
  3786 | D:4      | Noticed Menkaure
  3791 | D:4      | Killed Menkaure
  3791 | D:4      | Reached XP level 7. HP: 22/36 MP: 10/17
  4096 | D:4      | Reached skill level 6 in Spellcasting
  4105 | D:4      | Learned a level 5 spell: Fireball
  4210 | D:4      | Found an iron altar of Okawaru.
  4296 | D:5      | Entered Level 5 of the Dungeon
  4418 | D:5      | Noticed Grinder
  4559 | D:5      | Noticed Eustachio
  4580 | D:5      | Killed Eustachio
  4580 | D:5      | Reached XP level 8. HP: 34/42 MP: 3/20
  4920 | D:5      | Killed Grinder
  4920 | D:5      | Reached skill level 1 in Fighting
  4945 | D:5      | Reached skill level 7 in Spellcasting
  5955 | D:6      | Learned a level 1 spell: Magic Dart
  5961 | D:6      | Learned a level 5 spell: Venom Bolt
  5994 | D:6      | Found a glowing golden altar of the Shining One.
  5996 | D:6      | Noticed an angel
  6000 | D:6      | Found a basalt altar of Yredelemnul.
  6294 | D:6      | Noticed a profane servitor
  6445 | D:6      | Found a runed gate.
  6457 | D:6      | Found a runed gate.
  6457 | D:6      | Found a runed gate.
  6457 | D:6      | Noticed Valentain's ghost (novice OpVM)
  6479 | D:6      | Reached skill level 1 in Poison Magic
  6525 | D:6      | Found a staircase to the Ecumenical Temple.
  6534 | D:6      | Found a sacrificial altar of Ru.
  6826 | D:6      | Found a blossoming altar of Fedhas.
  6828 | D:6      | Found an ancient bone altar of Kikubaaqudgha.
  6890 | D:6      | Found a sacrificial altar of Ru.
  7000 | D:6      | Found an opulent altar of Gozag.
  7070 | D:6      | Reached XP level 9. HP: 49/49 MP: 17/22
  7073 | Temple   | Entered the Ecumenical Temple
  7148 | Temple   | Became a worshipper of Vehumet
  7281 | D:7      | Noticed Prince Ribbit
  7291 | D:7      | Killed Prince Ribbit
  7291 | D:7      | Reached skill level 8 in Spellcasting
  7715 | D:7      | Found a runed gate.
  7719 | D:7      | Found a runed gate.
  7721 | D:7      | Found a runed gate.
  7721 | D:7      | Noticed poxu's ghost (novice DsNe)
  8148 | D:7      | Reached * piety under Vehumet
  8148 | D:7      | Offered knowledge of Shock by Vehumet.
  8354 | D:7      | Reached skill level 9 in Spellcasting
  8880 | D:8      | Found a flagged portal.
  8886 | D:8      | Reached XP level 10. HP: 52/56 MP: 2/25
  8902 | Bailey   | Entered a bailey
  9316 | Bailey   | Reached ** piety under Vehumet
  9320 | Bailey   | Offered knowledge of Freeze by Vehumet.
  9871 | D:8      | Found an opulent altar of Gozag.
 10154 | D:8      | Reached skill level 5 in Poison Magic
 10378 | D:8      | Found a basalt altar of Yredelemnul.
 10650 | D:8      | Noticed a two-headed ogre
 10779 | D:8      | Killed a two-headed ogre
 10956 | D:8      | Reached skill level 10 in Spellcasting
 11442 | D:9      | Offered knowledge of Ignite Poison by Vehumet.
 11502 | D:9      | Noticed BryzzWind's ghost (novice DrTm)
 11561 | D:9      | Found a transporter.
 11575 | D:9      | Found a transporter.
 11581 | D:9      | Reached skill level 5 in Fighting
 11581 | D:9      | Reached skill level 10 in Conjurations
 11599 | D:9      | Noticed a two-headed ogre
 11608 | D:9      | Killed a two-headed ogre
 11608 | D:9      | Reached *** piety under Vehumet
 11618 | D:9      | Found a hide-covered altar of Uskayaw.
 12144 | D:9      | Found a deep blue altar of Sif Muna.
 12536 | D:10     | Entered Level 10 of the Dungeon
 12585 | D:10     | Reached XP level 11. HP: 64/64 MP: 24/27
 12595 | D:10     | Offered knowledge of Throw Icicle by Vehumet.
 13819 | D:10     | Learned a level 5 spell: Summon Mana Viper
 13840 | D:10     | Found a staircase to the Lair.
 13845 | D:10     | Reached skill level 11 in Spellcasting
 14139 | D:11     | Reached skill level 1 in Hexes
 14143 | D:11     | Reached skill level 1 in Summonings
 14265 | D:11     | Noticed Psyche
 14374 | D:10     | Killed Psyche
 14449 | D:10     | Reached **** piety under Vehumet
 15137 | D:11     | Offered knowledge of Lightning Bolt by Vehumet.
 15217 | D:11     | Noticed an orc knight
 15243 | D:11     | Killed an orc knight
 15301 | D:11     | Reached skill level 5 in Hexes
 15617 | D:11     | Learned a level 6 spell: Bolt of Fire
 15641 | D:11     | Noticed a two-headed ogre
 15649 | D:11     | Killed a two-headed ogre
 16259 | D:12     | Found Bismanu's Antique Weapon Shop.
 16290 | D:12     | Noticed a death knight
 16298 | D:12     | HP: 2/65 [mirror damage (2)]
 16299 | D:12     | Killed by mirror damage

Skill      XL: |  1  2  3  4  5  6  7  8  9 10 11 |
---------------+----------------------------------+-----
Conjurations   | 2 3 4 6 7 8 9 10 | 10.5
Spellcasting   | 4 5 6 7 9 10 11 | 11.6
Fire Magic     | 4 5 6 8 9 |  9.5
Fighting       | 2 4 5 6 |  6.3
Poison Magic   | 2 4 6 |  6.9
Hexes          | 5 |  5.8
Summonings     | 4 |  4.7
Dodging        | |  2.4
Stealth        | |  2.4

Action                   |  1- 3 |  4- 6 |  7- 9 | 10-12 || total
-------------------------+-------+-------+-------+-------++-------
Melee: Dagger            |       |     7 |    30 |       ||    37
       Staff             |       |       |     5 |    36 ||    41
 Cast: Flame Tongue      |    40 |    62 |   125 |   259 ||   486
       Throw Flame       |     6 |    28 |    13 |     4 ||    51
       Sticky Flame      |       |     7 |    33 |    79 ||   119
       Fireball          |       |       |    12 |    33 ||    45
       Magic Dart        |       |       |    31 |    76 ||   107
       Venom Bolt        |       |       |     6 |    37 ||    43
       Conjure Flame     |       |       |       |     3 ||     3
Evoke: Wand              |       |       |       |     7 ||     7
  Use: Scroll            |       |       |    10 |    10 ||    20
  Eat: Chunk             |     1 |     9 |    12 |    30 ||    52
       Ration            |       |       |     3 |     2 ||     5
Armor: Robe              |     1 |     9 |    25 |    13 ||    48
       Steam dragon scal |       |       |       |    43 ||    43
Dodge: Dodged            |     8 |    23 |    67 |   116 ||   214
